 Dungeon Crawl Stone Soup version 0.29-a0-575-g0dc89cf053 (webtiles) character file.

Game seed: 13769638455254187598

142 avis the Shooter (level 4, -2/35 (36) HPs)
             Began as a Demigod Hunter on June 12, 2022.
             Slain by a gnoll
             ... wielding a +0 club
              (3 damage)
             ... on level 5 of the Dungeon.
             The game lasted 00:17:18 (3636 turns).

avis the Shooter (Demigod Hunter)                   Turns: 3636, Time: 00:17:21

HP:   -2/35 (36)    AC:  4    Str: 12    XL:     4   Next: 75%
MP:   6/6           EV: 12    Int: 11    God:
Gold: 271           SH:  0    Dex: 21    Spells: 3/3 levels left

rFire   . . .      SeeInvis .   a - +1 shortbow
rCold   . . .      Faith    .   (shield currently unavailable)
rNeg    . . .      Spirit   .   x - +0 leather armour
rPois   .          Reflect  .   (no helmet)
rElec   .          Harm     .   (no cloak)
rCorr   .          Rampage  .   y - +0 pair of gloves
Will    .....                   (no boots)
Stlth   ++........              u - amulet of magic regeneration
HPRegen 0.11/turn               (no ring)
MPRegen 0.50/turn               (no ring)

@: lightly drained
A: high MP 1, forlorn, divine attributes
a: no special abilities


You were on level 5 of the Dungeon.
You visited 1 branch of the dungeon, and saw 5 of its levels.

You collected 271 gold pieces.

Inventory:

Hand Weapons
 a - a +1 shortbow (weapon)
 b - a +4 flail of draining
 k - a +2 short sword of distortion
 q - a +0 antimagic spear
 C - a +2 hand axe of electrocution
 D - a +0 short sword of protection
Missiles
 i - 4 poisoned darts
 l - a throwing net
 p - 7 javelins
 s - 5 silver boomerangs
Armour
 x - a +0 leather armour (worn)
 y - a +0 pair of gloves (worn)
Magical Staves
 G - a staff of fire
Jewellery
 f - an amulet of faith
 u - an amulet of magic regeneration (around neck)
Scrolls
 c - 4 scrolls of immolation
 g - 2 scrolls of teleportation {unknown}
 m - a scroll of summoning {unknown}
 o - a scroll of fear {unknown}
 t - 3 scrolls of fog {unknown}
 A - a scroll of blinking {unknown}
 B - a scroll of vulnerability {unknown}
 E - a scroll of poison {unknown}
 F - a scroll of identify {unknown}
Potions
 d - 3 potions of curing {unknown}
 e - 4 potions of heal wounds {unknown}
 h - 4 potions of degeneration {unknown}
 j - a potion of brilliance {unknown}
 n - 2 potions of ambrosia {unknown}
 r - a potion of haste {unknown}
 v - a potion of cancellation {unknown}
 w - a potion of mutation {unknown}
 z - a potion of attraction {unknown}


   Skills:
 - Level 1.7 Fighting
 * Level 5.8 Bows
 - Level 1.7 Dodging
 - Level 0.8 Stealth


You had 3 spell levels left.
You didn't know any spells.
Your spell library contained the following spells:

 Spells                   Type           Power      Damage    Failure   Level
 Magic Dart               Conj           0%         1d3       41%         1
 Call Imp                 Summ           0%         N/A       56%         2
 Mephitic Cloud           Conj/Pois/Air  0%         N/A       80%         3


Dungeon Overview and Level Annotations

Branches:
Dungeon (5/15)
 Temple: D:4-7

Shops:
D:3 *

Annotations:
D:3 1 runed translucent door
D:5 Edmund


Innate Abilities, Weirdness & Mutations

You have an increased reservoir of magic. (+10% MP)
You shall have no god before yourself.
Your divine heritage dramatically boosts your attributes as you level up.


Message History

The gnoll barely misses you. The gnoll hits you with a +0 whip.
The gnoll barely misses you. The gnoll hits you but does no damage.
The gnoll attacks as you move away! The gnoll hits you with a +0 whip!
* * * LOW HITPOINT WARNING * * *
The gnoll attacks as you move away! The gnoll hits you with a +0 whip.
* * * LOW HITPOINT WARNING * * *
An orc comes into view. It is wielding a +0 falchion.
Shoot: a) +1 shortbow
Press: ? - help, Q - select action, (/) - cycle Shift-Dir - straight line, f/p - gnoll
Aim: a gnoll, wielding a +0 club (69% to hit)
You shoot an arrow. The arrow closely misses the gnoll.
The orc shouts!
The arrow hits the gnoll.
The gnoll is moderately wounded.
You hear a shout!
The gnoll hits you with a +0 whip.
* * * LOW HITPOINT WARNING * * *
Shoot: a) +1 shortbow
Press: ? - help, Q - select action, (/) - cycle Shift-Dir - straight line, f - gnoll, p - gnoll
Aim: a gnoll, wielding a +0 spear (lightly wounded, 69% to hit)
You shoot an arrow. The arrow closely misses the gnoll.
The arrow hits the gnoll.
The gnoll is moderately wounded.
The gnoll hits you with a +0 whip.
* * * LOW HITPOINT WARNING * * *
The gnoll hits you but does no damage.
Shoot: a) +1 shortbow
Press: ? - help, Q - select action, (/) - cycle Shift-Dir - straight line, f/p - gnoll
Aim: a gnoll, wielding a +0 spear (moderately wounded, 69% to hit)
You shoot an arrow. The arrow hits the gnoll!
You kill the gnoll!
An orc comes into view. It is wielding a +0 mace.
The gnoll barely misses you.
Shoot: a) +1 shortbow
Press: ? - help, Q - select action, (/) - cycle Shift-Dir - straight line, f/p - gnoll
Aim: a gnoll, wielding a +0 spear (moderately wounded, 69% to hit)
You shoot an arrow. The arrow hits the gnoll!
The gnoll is severely wounded.
The gnoll misses you. The gnoll hits you with a +0 club.
You die...

.#... ..#.####
o...... .....#
# o...##.###
.........
#........ . #@#
..#####g#
......g.#
#.......#
#####...#
........#
#####..........
#..........
##.........


You could see 2 gnolls and 2 orcs.

Vanquished Creatures
  3 adders
  A gnoll (D:5)
  2 worms
  A dart slug (D:4)
  6 orcs
  5 bats
  7 endoplasms
  4 giant cockroaches
  7 goblins
  6 hobgoblins
  9 jackals
  5 quokkas
  4 ball pythons
  2 frilled lizards (D:2)
  A goblin zombie (D:3)
  11 kobolds
  A kobold zombie (D:3)
  8 rats
83 creatures vanquished.

Notes
Turn   | Place    | Note
-------+----------+-------------------------------------------
     0 | D:1      | avis the Demigod Hunter began the quest for the Orb.
     0 | D:1      | Reached XP level 1. HP: 17/17 MP: 3/3
   183 | D:1      | Reached skill level 4 in Bows
   187 | D:1      | Reached XP level 2. HP: 24/24 MP: 4/4
   939 | D:2      | You fall into a shaft and drop 2 floors!
  1141 | D:2      | Reached XP level 3. HP: 28/29 MP: 5/5
  1962 | D:3      | Reached skill level 5 in Bows
  1971 | D:3      | Found Zin's Purification Station.
  2026 | D:3      | Found a runed translucent door.
  2026 | D:3      | Noticed a human
  2203 | D:3      | Reached XP level 4. HP: 36/36 MP: 6/6
  3413 | D:5      | Entered Level 5 of the Dungeon
  3456 | D:5      | Noticed Edmund
  3634 | D:5      | HP: 1/34 [gnoll/+0 whip (3)]
  3636 | D:5      | Slain by a gnoll

Illustrated notes

Levels and vault maps discovered:
D:1:      dpeg_arrival_short_road, layout_loops_ring,
          shapermc_ecumenical_altar_mp_highgroup
D:2:      layout_basic
D:3:      minmay_diamond_boxcup, layout_basic, dk_yredelemnul_ordeal,
          zin_purify, kennysheep_generic_room_14
D:4:      layout_basic
D:5:      layout_basic, mainiacjoe_overflow_cross_hatched,
          ebering_ghost_rock_garden, hangedman_decor_growths,
          minmay_shop_enchanted_jewellery, minivault_14, minivault_5,
          fountainhead, uniq_edmund

Skill      XL: |  1  2  3 |
---------------+----------+-----
Bows           | 4 5 |  5.8
Fighting       | |  1.7
Dodging        | |  1.7
Stealth        | |  0.8

Action                   |  1- 3 |  4- 6 || total
-------------------------+-------+-------++-------
Melee: Flail             |       |    12 ||    12
 Fire: Shortbow          |   146 |    67 ||   213
Armor: Leather armour    |    15 |     9 ||    24
Dodge: Dodged            |    39 |    31 ||    70

Table legend: (Time is in decaauts)
 A = Elapsed time spent in this place.
 B = Non-inter-level travel time spent in this place.
 C = Inter-level travel time spent in this place.
 D = Time resting spent in this place.
 E = Time spent auto-exploring this place.
 F = Levels seen in this place.
 G = Mean time per level.
                   A        B        C        D        E       F      G
               +--------+--------+--------+--------+--------+-----+--------+
         Total |   3700 |   3284 |    416 |    573 |   1967 |   5 |  740.0 |
       Dungeon |   3700 |   3284 |    416 |    573 |   1967 |   5 |  740.0 |
               +--------+--------+--------+--------+--------+-----+--------+

Top non-repeatable levels by time:
     D:3: 1052 daAuts
     D:1: 937 daAuts
     D:2: 866 daAuts
     D:4: 817 daAuts
     D:5: 26 daAuts
